 Dungeon Crawl Stone Soup version 0.26-a0-651-gb41185065b (webtiles) character file.

Game seed: 2755544388955320356

(classic levelgen) 14957 EnegeticOcto the Cleaver (level 11, -34/103 HPs)
             Began as a Deep Dwarf Fighter on Oct 21, 2020.
             Was an Elder of Makhleb.
             Annihilated by a titanic slime creature (90 damage)
             ... on level 12 of the Dungeon.
             The game lasted 00:05:57 (7578 turns).

EnegeticOcto the Cleaver (Deep Dwarf Fighter)       Turns: 7578, Time: 00:05:58

Health: -34/103    AC: 19    Str: 23    XL:     11   Next: 95%
Magic:  8/8        EV:  6    Int:  9    God:    Makhleb [****..]
Gold:   517        SH: 12    Dex: 18    Spells: 10/10 levels left

rFire    . . .     SeeInvis .   u - +2 war axe (flame)
rCold    + . .     Faith    .   c - +0 kite shield
rNeg     . . .     Spirit   .   g - +0 plate armour
rPois    .         Reflect  .   w - +2 helmet
rElec    .         Harm     .   C - +0 cloak
rCorr    .         Rampage  .   (no gloves)
MR       +....                  (no boots)
Stlth    ..........             F - amulet of regeneration
HPRegen  0.00/turn              k - +6 ring of dexterity
MPRegen  0.11/turn              e - ring of protection from cold

@: non-regenerating
A: damage resistance, heal wounds, sense surroundings 2, no regeneration
a: Heal Wounds, Minor Destruction, Lesser Servant of Makhleb, Major Destruction,
Renounce Religion


You were on level 12 of the Dungeon.
You worshipped Makhleb.
Makhleb was greatly pleased with you.
You visited 2 branches of the dungeon, and saw 13 of its levels.
You also visited: Ossuary.

You collected 589 gold pieces.
You spent 72 gold pieces at shops.

Inventory:

Hand Weapons
 a - a +1 broad axe
 u - a +2 war axe of flaming (weapon)
Missiles
 l - 2 throwing nets (quivered)
Armour
 c - a +0 kite shield (worn)
 g - a +0 plate armour (worn)
 w - a +2 helmet (worn)
 C - a +0 cloak (worn)
Jewellery
 e - a ring of protection from cold (right hand)
 k - a +6 ring of dexterity (left hand)
 F - an amulet of regeneration (around neck)
Wands
 m - a wand of iceblast (9) {@v2}
 s - a wand of paralysis (5)
 x - a wand of acid (21) {@v1}
 D - a wand of enslavement (8)
 E - a wand of digging (6) {@v3}
Scrolls
 b - 2 scrolls of teleportation {@r3}
 j - 5 scrolls of remove curse {@r2}
 q - 4 scrolls of enchant armour
 y - 2 scrolls of magic mapping {@r5}
 G - a scroll of identify {@r1}
Potions
 d - 4 potions of might {@q3}
 f - 6 potions of heal wounds {@q2}
 h - 13 potions of curing {@q1}
 i - 2 potions of mutation
 n - a potion of ambrosia
 o - 2 potions of haste {@q4}
 p - 2 potions of invisibility
 r - 2 potions of berserk rage
 t - a potion of cancellation
 v - 3 potions of flight {unknown}
 z - a potion of magic {unknown}
 A - a potion of lignification {unknown}
 B - 3 potions of stabbing {unknown}
Miscellaneous
 V - a condenser vane (1/2)


   Skills:
 + Level 7.9 Fighting
 * Level 12.4 Axes
 + Level 9.6 Armour
 + Level 9.4 Shields
 + Level 8.7 Invocations
 + Level 4.7 Evocations


You had 10 spell levels left.
You didn't know any spells.
Your spell library was empty.

Dungeon Overview and Level Annotations

Branches:
Dungeon (12/15)            Temple (1/1) D:5            Lair (0/6) D:11
    Orc (0/2) D:10        Ossuary (visited)

Altars:
Ashenzari
Cheibriados
Dithmenos
Elyvilon
Fedhas
Gozag
Hepliaklqana
Makhleb
Nemelex Xobeh
Okawaru
Qazlal
Ru
Sif Muna
Trog
Uskayaw
Vehumet
Wu Jian
Xom
Yredelemnul
Zin
The Shining One

Shops:
D:4 *   D:5 *

Annotations:
D:11 exclusion: oklob plant


Innate Abilities, Weirdness & Mutations

You are resistant to damage.
You can heal yourself by infusing magical energy.
You passively map the area around you.
You do not regenerate.


Message History

No target in view!
No target in view!
No target in view!
No target in view!
No target in view!
No target in view!
Things that are here:
a +0 battleaxe; a +0 chain mail; an orc corpse
Items here: ) [ ††.
Things that are here:
a +0 battleaxe; a +0 chain mail; an orc corpse
Things that are here:
a +0 dagger; a +1 robe of magic resistance; an orc corpse You open the door.
There is an open door here.
A centaur warrior comes into view.
A centaur warrior is nearby!
The centaur warrior shouts!
The centaur warrior wields a +0 shortbow.
The centaur warrior shoots an arrow.
You block the arrow.
The centaur warrior shoots an arrow.
The arrow hits you!
You see here 2 arrows.
A jelly comes into view.
The jelly quivers.
The centaur warrior shoots an arrow.
The arrow hits you but does no damage.
You see here an arrow.
The centaur warrior shoots an arrow.
The arrow hits you.
The centaur warrior shoots an arrow.
The arrow hits you!
Found a scroll of teleportation.
You see here an arrow.
You block the jelly's attack.
The centaur warrior unwields a +0 shortbow.
The centaur warrior hits you but does no damage.
Found an escape hatch in the ceiling.
You hit the centaur warrior. You burn the centaur warrior.
The centaur warrior is lightly wounded.
You slash the jelly! You burn the jelly.
Your hands burn!
The centaur warrior hits you but does no damage.
You block the jelly's attack.
You slash the jelly! You burn the jelly.
You kill the jelly!
Makhleb accepts your kill.
You barely miss the centaur warrior.
The centaur warrior hits you but does no damage.
You block the centaur warrior's attack.
You slash the centaur warrior! You burn the centaur warrior.
The centaur warrior is moderately wounded.
The centaur warrior hits you but does no damage.
You slice the centaur warrior!! You burn the centaur warrior.
The centaur warrior is severely wounded.
The centaur warrior hits you! The centaur warrior hits you.
You hit the centaur warrior but do no damage.
The centaur warrior is severely wounded.
The centaur warrior barely misses you.
You slash the centaur warrior! You burn the centaur warrior.
The centaur warrior is almost dead.
You block the centaur warrior's attack.
You slash the centaur warrior! You burn the centaur warrior.
You kill the centaur warrior!
Makhleb accepts your kill.
You feel better.
No target in view!
q - 4 scrolls of enchant armour (gained 1)
You now have 517 gold pieces (gained 23).
Things that are here:
a +0 shortbow; 7 arrows
G - a scroll of identify {@r1}
b - 2 scrolls of teleportation {@r3} (gained 1)
There is an open door here.
You open the door.
There is an open door here. 4 slime creatures come into view.
The slime creature quivers. x4
Two slime creatures merge to form a large slime creature. x2
A slime creature comes into view.
The slime creature quivers.
The large slime creature completely misses you.
You hit the large slime creature. You burn the large slime creature.
The large slime creature is lightly wounded.
Two slime creatures merge to form an enormous slime creature.
You slash the enormous slime creature! You burn the enormous slime creature.
The enormous slime creature is lightly wounded.
You slash the enormous slime creature! You burn the enormous slime creature.
The enormous slime creature is lightly wounded.
You slash the enormous slime creature! You burn the enormous slime creature.
The enormous slime creature is lightly wounded.
You block the enormous slime creature's attack.
You hit the enormous slime creature. You burn the enormous slime creature.
The enormous slime creature is moderately wounded.
Two slime creatures merge to form a titanic slime creature.
You slice the titanic slime creature!! You burn the titanic slime creature!
The titanic slime creature is moderately wounded.
You slash the titanic slime creature! You burn the titanic slime creature.
The titanic slime creature is moderately wounded.
You block the titanic slime creature's attack.
You barely miss the titanic slime creature.
The titanic slime creature is moderately wounded.
The titanic slime creature hits you!!!!
Ouch! That really hurt!
You die...

........#
....[...#
######'##
#.....# ##.#####
)..# ######### *
).....>.#
###########**
.)......#
#..@J...... ,
........#
###.#########
*** *
........####...#
*
........#....###
* ........'.####
* ........###
........#
........#
........#


You could see a titanic slime creature.

Vanquished Creatures
  A centaur warrior (D:12)
  3 two-headed ogres
  A death knight (D:12)
  Nergalle (D:11)
  A skeletal warrior (D:12)
  2 phantasmal warriors (D:12)
  A deep elf mage (D:12)
  An ugly thing (D:11)
  Maurice (D:8)
  2 komodo dragons
  A troll (D:10)
  A hornet (D:12)
  5 slime creatures (D:12)
  2 hippogriffs
  2 wraiths (D:12)
  Sigmund (D:2)
  A shadow (D:11)
  4 yaks (D:10)
  12 orc warriors
  2 sky beasts (D:9)
  6 ogres
  3 phantoms
  2 centaurs
  4 big kobolds
  7 bullfrogs
  3 gnoll sergeants
  A water moccasin zombie (D:11)
  A scorpion (D:7)
  3 killer bees (D:9)
  3 wights (D:7)
  A howler monkey (D:7)
  A crimson imp (D:9)
  A quasit (D:9)
  3 centaur zombies
  2 jellies (D:12)
  2 orc priests
  5 bullfrog skeletons
  2 hounds
  8 orc wizards
  2 centaur skeletons
  Jessica (D:2)
  6 iguanas
  Ijyb (D:4)
  Terence (D:2)
  7 worker ants
  A killer bee zombie (D:7)
  2 hound skeletons
  A mummy (D:4)
  A worker ant zombie (D:5)
  Robin (D:4)
  7 gnolls
  16 adders
  3 shadow imps
  2 white imps
  3 ufetubi
  An ooze (D:7)
  2 adder skeletons
  3 worms (D:2)
  3 leopard geckos
  39 orcs
  2 ball pythons
  5 bats
  3 bat skeletons (D:3)
  A bat zombie (D:3)
  3 giant cockroaches
  11 goblins
  5 hobgoblins
  17 jackals
  10 kobolds
  8 quokkas
  7 frilled lizards
  A goblin skeleton (D:9)
  3 goblin zombies (D:9)
  A hobgoblin skeleton (Ossuary)
  2 kobold skeletons (D:9)
  A kobold zombie (Ossuary)
  2 orc skeletons (D:9)
  A quokka zombie (D:5)
  2 rats
291 creatures vanquished.

Vanquished Creatures (others)
  An orc wizard (D:4)
  2 orcs (D:12)
3 creatures vanquished.

Grand Total: 294 creatures vanquished

Notes
Turn   | Place    | Note
-------+----------+-------------------------------------------
     0 | D:1      | EnegeticOcto the Deep Dwarf Fighter began the quest for the
                  | Orb.
     0 | D:1      | Reached XP level 1. HP: 20/20 MP: 1/1
    57 | D:1      | Reached XP level 2. HP: 22/27 MP: 2/2
   132 | D:2      | Reached skill level 3 in Axes
   135 | D:2      | Reached XP level 3. HP: 23/33 MP: 3/3
   172 | D:2      | Noticed Jessica
   174 | D:2      | Noticed Sigmund
   177 | D:2      | Killed Jessica
   177 | D:2      | Reached XP level 4. HP: 42/42 MP: 3/3
   190 | D:2      | Killed Sigmund
   190 | D:2      | Reached skill level 4 in Axes
   190 | D:2      | Reached XP level 5. HP: 29/49 MP: 4/4
   201 | D:2      | Reached XP level 6. HP: 38/56 MP: 5/5
   214 | D:2      | Noticed Terence
   223 | D:2      | Killed Terence
   342 | D:3      | Reached skill level 5 in Axes
   833 | D:4      | Reached XP level 7. HP: 43/64 MP: 5/5
   861 | D:4      | Noticed Robin
   862 | D:4      | Reached skill level 5 in Armour
   862 | D:4      | Reached skill level 5 in Shields
   877 | D:4      | Killed Robin
   902 | D:4      | Found a shadowy altar of Dithmenos.
   959 | D:4      | Noticed Ijyb
   971 | D:4      | Killed Ijyb
   971 | D:4      | Reached skill level 6 in Axes
  1003 | D:4      | Found Bicup's Assorted Antiques.
  1018 | D:4      | Found an iron altar of Okawaru.
  1018 | D:4      | Found a bloodstained altar of Trog.
  1023 | D:4      | Found a snail-covered altar of Cheibriados.
  1041 | D:4      | Found a sand-covered staircase.
  1052 | Ossuary  | Entered an ossuary
  1120 | Ossuary  | Noticed a flying skull
  1120 | Ossuary  | Noticed a wraith
  1128 | Ossuary  | Noticed a flying skull
  1151 | Ossuary  | Noticed a flying skull
  1713 | D:5      | Entered Level 5 of the Dungeon
  1767 | D:4      | Bought a scroll labeled ITTASI VEANAUK for 24 gold pieces
  1767 | D:4      | Bought a scroll labeled ITTASI VEANAUK for 24 gold pieces
  1767 | D:4      | Bought a scroll labeled RYJUOXT CUKAET for 24 gold pieces
  1941 | D:5      | Found a broken altar of Ashenzari.
  1978 | D:5      | Found a sacrificial altar of Ru.
  2000 | D:5      | You fall into a shaft and drop 1 floor!
  2014 | D:6      | Reached XP level 8. HP: 57/73 MP: 4/4
  2028 | D:6      | Found a shimmering blue altar of Sif Muna.
  2032 | D:6      | Found a sparkling altar of Nemelex Xobeh.
  2032 | D:6      | Found an ornate altar of the Wu Jian Council.
  2035 | D:6      | Found a white marble altar of Elyvilon.
  2035 | D:6      | Found an opulent altar of Gozag.
  2138 | D:6      | Reached skill level 7 in Axes
  2231 | D:5      | Found a staircase to the Ecumenical Temple.
  2287 | Temple   | Entered the Ecumenical Temple
  2508 | Temple   | Became a worshipper of Makhleb the Destroyer
  2607 | D:5      | Found Nuakhoes's Serpentskin Sales.
  3269 | D:7      | Reached skill level 1 in Invocations
  3319 | D:7      | Reached skill level 5 in Fighting
  3656 | D:7      | Reached * piety under Makhleb
  3780 | D:7      | Reached skill level 8 in Axes
  4118 | D:8      | Gained mutation: You passively map the area around you.
                  | [Deep Dwarf growth]
  4118 | D:8      | Reached XP level 9. HP: 63/81 MP: 6/6
  4208 | D:8      | Noticed Maurice
  4591 | D:8      | Killed Maurice
  4676 | D:9      | Reached skill level 9 in Axes
  4756 | D:9      | Noticed a two-headed ogre
  4764 | D:9      | Killed a two-headed ogre
  4764 | D:9      | Reached skill level 5 in Invocations
  4971 | D:9      | Reached ** piety under Makhleb
  5005 | D:9      | Reached XP level 10. HP: 55/91 MP: 0/8
  5155 | D:9      | Found a glowing golden altar of the Shining One.
  5300 | D:9      | Reached skill level 10 in Axes
  5674 | D:10     | Entered Level 10 of the Dungeon
  6140 | D:10     | Found a staircase to the Orcish Mines.
  6146 | D:10     | Reached *** piety under Makhleb
  6185 | D:10     | Reached skill level 11 in Axes
  6660 | D:11     | Found a staircase to the Lair.
  6666 | D:11     | Noticed an oklob plant
  6678 | D:11     | Noticed Nergalle
  6682 | D:11     | Noticed a spectral orc warlord
  6710 | D:11     | Killed Nergalle
  6710 | D:11     | Reached skill level 1 in Evocations
  6710 | D:11     | Reached XP level 11. HP: 85/100 MP: 10/10
  6821 | D:11     | Noticed a brown ugly thing
  6831 | D:11     | Killed a brown ugly thing
  7273 | D:12     | Noticed a two-headed ogre
  7285 | D:12     | Killed a two-headed ogre
  7294 | D:12     | Noticed a two-headed ogre
  7300 | D:12     | Killed a two-headed ogre
  7302 | D:12     | Reached **** piety under Makhleb
  7351 | D:12     | Noticed a deep elf mage
  7351 | D:12     | Noticed a death knight
  7351 | D:12     | Noticed a phantasmal warrior
  7351 | D:12     | Noticed a skeletal warrior
  7351 | D:12     | Noticed a phantasmal warrior
  7365 | D:12     | Killed a death knight
  7382 | D:12     | Reached skill level 12 in Axes
  7384 | D:12     | Killed a phantasmal warrior
  7386 | D:12     | Killed a phantasmal warrior
  7402 | D:12     | Killed a skeletal warrior
  7439 | D:12     | Killed a deep elf mage
  7512 | D:12     | Noticed a centaur warrior
  7524 | D:12     | Killed a centaur warrior
  7578 | D:12     | Annihilated by a titanic slime creature

Illustrated notes

Levels and vault maps discovered:
D:1:      mainiacjoe_arrival_reflecting_pool, layout_rooms,
          nemelex_diamond_rough_becter
D:2:      cheibrodos_pilgrimage, layout_loops_ring, uniq_sigmund, uniq_jessica,
          uniq_crazy_yiuf_cottage, uniq_terence
D:3:      layout_basic, kennysheep_vampire_church,
          chequers_ecumenical_altar_simple
D:4:      layout_basic, nicolae_dithmenos_shadow_blocks, minitemple,
          serial_shops, shop, gup_ossuary_entry_pyramid, minmay_door_square,
          uniq_ijyb, uniq_robin
D:5:      layout_loops_ring, lemuel_doored_altar, lemuel_crystal_altar,
          minmay_temple_entry_hall, guppyfry_shop_venom
D:6:      layout_basic, grunt_temple_overflow_open
D:7:      layout_basic
D:8:      layout_layer_cave, uniq_maurice
D:9:      kennysheep_ambush_hall, layout_cave_pods,
          nicolae_tso_besieged_by_evil, serial_column_ruins,
          column_ruins_square_medium, column_ruins_hut,
          column_ruins_corridor_corner, column_ruins_corridor_straight,
          column_ruins_open_tiny
D:10:     layout_roguey, kennysheep_orc_monster_closet_entryway,
          hangedman_abyss_or_decor_clamps
D:11:     layout_stronghold, dpeg_oklobed_lair, uniq_nergalle
D:12:     layout_roguey
Temple:   compressed_dpeg_triangle_lava_temple

Skill      XL: |  1  2  3  4  5  6  7  8  9 10 11 |
---------------+----------------------------------+-----
Axes           | 3 4 5 6 8 9 11 12 | 12.4
Fighting       | 3 4 5 6 7 |  7.9
Armour         | 4 5 6 7 8 9 |  9.6
Shields        | 4 5 6 7 8 9 |  9.4
Invocations    | 3 5 7 8 |  8.7
Evocations     | 1 4 |  4.7

Action                   |  1- 3 |  4- 6 |  7- 9 | 10-12 || total
-------------------------+-------+-------+-------+-------++-------
Melee: War axe           |    70 |   129 |   322 |   398 ||   919
 Abil: Heal Wounds       |     3 |     2 |     9 |    16 ||    30
Evoke: Wand              |       |       |     3 |       ||     3
       Condenser vane    |       |       |       |     1 ||     1
  Use: Scroll            |       |       |    19 |     1 ||    20
 Stab: Paralysed         |       |       |     2 |       ||     2
Armor: Scale mail        |    42 |    55 |    37 |       ||   134
       Plate armour      |       |       |   138 |   220 ||   358
Dodge: Dodged            |    26 |    44 |    63 |    97 ||   230
Block: Kite shield       |    50 |    64 |   196 |   306 ||   616

Table legend: (Time is in decaauts)
 A = Elapsed time spent in this place.
 B = Non-inter-level travel time spent in this place.
 C = Inter-level travel time spent in this place.
 D = Time resting spent in this place.
 E = Time spent auto-exploring this place.
 F = Levels seen in this place.
 G = Mean time per level.
                   A        B        C        D        E       F      G
               +--------+--------+--------+--------+--------+-----+--------+
         Total |   7713 |   7310 |    403 |      0 |   5447 |  14 |  550.9 |
       Dungeon |   7329 |   6948 |    381 |      0 |   5200 |  12 |  610.8 |
        Temple |    236 |    215 |     21 |      0 |    213 |   1 |  236.0 |
       Ossuary |    147 |    147 |      0 |      0 |     34 |   1 |  147.0 |
               +--------+--------+--------+--------+--------+-----+--------+

Top non-repeatable levels by time:
     D:4: 1083 daAuts
     D:9: 1039 daAuts
    D:11: 883 daAuts
     D:8: 757 daAuts
     D:7: 754 daAuts
     D:5: 685 daAuts
    D:10: 685 daAuts
     D:6: 478 daAuts
    D:12: 334 daAuts
     D:3: 318 daAuts
  Temple: 236 daAuts
     D:2: 229 daAuts
 Ossuary: 147 daAuts
     D:1: 79 daAuts
